cohdb
Replays
Latest Replays
All Replays
Popular Replays
Top Player Replays
Match Explorer
How It Works
Community
CoH3 Stats
Reddit
Sign in to upload your games and track your stats! →
Sign in with Steam
Match 43737103
Unlisted
Match 43737103
Overview
Messages
Build Orders
End
Royal Engineer Section
Selects Air and Sea Battlegroup
Construct Section Command Post
Infantry Section
Infantry Section
Infantry Section
Selects Naval Blockade
ML 3-inch Mortar Team
Grenade Package
Naval Blockade
Infantry Section
Construct Platoon Command Post
Selects Commando Section Paradrop
Humber Armored Car
Selects Commando Support Section Paradrop
Naval Blockade
Construct Field Infirmary
Selects UNKNOWN (223837)
CMP 15cwt Truck
Infantry Training
Construct Company Command Post
Commando Support Section Paradrop
6-pounder Anti-tank Gun Team
Naval Blockade
Selects Incendiary Bombing Run
Construct Company Command Post
Centaur IV Medium Tank
Crusader II Medium Tank
Centaur IV Medium Tank
Selects Naval Bombardment
Foot Guards Section
Armored Vehicle Training
Commando Section Paradrop
robwarrior
comfo
0
0
Comments
sign in to comment!
No comments posted yet!